 Dungeon Crawl Stone Soup version 0.23.0-3-gf3c87f2 (webtiles) character file.

Game seed: 8234100265715910690

1656 Kurtz the Ruffian (level 8, -2/58 HPs)
             Began as a Mummy Chaos Knight on Feb 23, 2019.
             Was a Plaything of Xom.
             Slain by a manticore (8 damage)
             ... on level 6 of the Dungeon.
             The game lasted 00:11:22 (9366 turns).

Kurtz the Ruffian (Mummy Chaos Knight)              Turns: 9366, Time: 00:11:24

Health: -2/58      AC:  7    Str: 13 (16) XL:     8   Next: 68%
Magic:  0/8        EV:  7    Int: 12      God:    Xom [*.....]
Gold:   263        SH: 13    Dex: 12      Spells: 7/7 levels left

rFire    x . .     SeeInvis .     - Unarmed
rCold    + . .     Gourm    .   c - +0 large shield
rNeg     + + +     Faith    .   a - +2 leather armour
rPois    ∞         Spirit   +   (no helmet)
rElec    .         Reflect  .   (no cloak)
rCorr    .         Harm     .   (no gloves)
MR       +....                  s - +1 pair of boots
Stlth    +.........             n - amulet of guardian spirit
HPRegen  0.19/turn              (no ring)
MPRegen  0.11/turn              (no ring)

@: no status effects
A: no food or potions, fire vulnerability, cold resistance 1, negative energy
resistance 3, torment resistance, unbreathing
a: Renounce Religion


You were on level 6 of the Dungeon.
You worshipped Xom.
You were a special plaything of Xom.
You were not hungry.

You visited 1 branch of the dungeon, and saw 8 of its levels.

You collected 263 gold pieces.

Inventory:

Missiles
 l - 15 tomahawks
 p - 2 javelins
 q - 4 throwing nets (quivered)
Armour
 a - a +2 leather armour (worn)
 c - a +0 large shield (worn)
 k - a +0 chain mail
 r - a +0 buckler
 s - a +1 pair of boots (worn)
Jewellery
 n - an amulet of guardian spirit (around neck)
Wands
 i - a wand of digging (4)
Scrolls
 b - 3 scrolls of magic mapping
 d - a scroll of teleportation
 e - 3 scrolls of identify
 f - a scroll of blinking {unknown}
 g - 4 scrolls of remove curse
 h - 2 scrolls of enchant weapon {unknown}
 j - 2 scrolls of fear {unknown}
 o - a scroll of enchant armour {unknown}
 t - 2 scrolls of fog {unknown}
Miscellaneous
 m - a lightning rod (1/4)


   Skills:
 - Level 3.0 Fighting
 - Level 1.5 Armour
 - Level 0.7 Dodging
 * Level 5.6 Shields
 * Level 7.7 Unarmed Combat


You had 7 spell levels left.
You didn't know any spells.
Your spell library contained the following spells:

 Spells                   Type           Power        Failure   Level  Hunger
 Corona                   Hex            #......      99%         1    N/A
 Ensorcelled Hibernation  Hex/Ice        #.....       100%        2    N/A
 Confuse                  Hex            #.......     100%        3    N/A
 Dazzling Spray           Conj/Hex       #.....       100%        3    N/A
 Tukima's Dance           Hex            #.......     100%        3    N/A

Dungeon Overview and Level Annotations

Branches:
Dungeon (8/15)             Temple (0/1) D:5
   Lair: D:8-11

Altars:
Okawaru
Ru

Annotations:
D:3 1 runed translucent door, Crazy Yiuf; Grinder
D:4 7 runed translucent doors, axlevencent's ghost, amateur FoAK
D:5 exclusion: water moccasin
D:6 Edmund
D:7 Joseph


Innate Abilities, Weirdness & Mutations

You do not eat or drink.
Your flesh is vulnerable to fire.
You are immune to poison.
Your flesh is cold resistant. (rC+)
You are immune to negative energy. (rN+++)
You are immune to unholy pain and torment.
You can survive without breathing.


Message History

The manticore is moderately wounded.
The thunderbolt hits the gnoll.
The gnoll is heavily wounded.
The gnoll closely misses you.
Aiming: Thunderbolt
Press: ? - help, Shift-Dir - straight line, f/p - manticore
Aim: a manticore (moderately wounded)
The thunderbolt hits the gnoll.
The gnoll is severely wounded.
The thunderbolt hits the manticore!
The manticore is severely wounded.
The thunderbolt hits the gnoll!
The gnoll is almost dead.
The manticore bites you!!
* * * LOW HITPOINT WARNING * * *
The manticore claws you.
* * * LOW HITPOINT WARNING * * *
The manticore claws you!
You die...
Xom bursts into laughter!

...#
##...........#
#..# ...#
##..........# #.##
...# ##.........##
#.# ...#
##..)......#####.#
...#
###<............#
...#
###...###....####
...# ##### #gg##
####....# ...#
#...### ##H##
####.... ..##
#.....###@## ##.
..# #........##
.## #........# ##
#........# #
##.....### #
##...## ##..## ###
##..##
..######..##


You could see a manticore and 2 gnolls.

Vanquished Creatures
  A hornet (D:6)
  A phantom (D:5)
  A bullfrog (D:6)
  A gnoll sergeant (D:5)
  2 scorpions (D:4)
  2 crimson imps (D:6)
  2 orc priests
  A bullfrog skeleton (D:4)
  4 hounds
  A jelly (D:6)
  A centaur skeleton (D:4)
  Ijyb (D:4)
  Natasha (thrice) (D:3)
  An iguana (D:6)
  3 orc wizards
  3 worker ants
  A hound zombie (D:5)
  A hound skeleton (D:5)
  11 adders
  8 gnolls
  A river rat (D:1)
  2 oozes
  3 worms
  4 dart slugs
  5 leopard geckos
  30 orcs
  A bat (D:1)
  5 giant cockroaches
  8 goblins
  6 hobgoblins
  5 jackals
  2 quokkas
  4 ball pythons
  6 frilled lizards
  9 kobolds
  8 rats
148 creatures vanquished.

Vanquished Creatures (collateral kills)
  A black bear (D:4)
  A sky beast (D:8)
  A bullfrog (D:8)
  2 hounds (D:4)
  2 orc wizards
  An orc (D:8)
8 creatures vanquished.

Vanquished Creatures (others)
  A worker ant (D:4)
  An adder (D:4)
2 creatures vanquished.

Grand Total: 158 creatures vanquished

Notes
Turn   | Place    | Note
-------+----------+-------------------------------------------
     0 | D:1      | Kurtz the Mummy Chaos Knight began the quest for the Orb.
     0 | D:1      | Reached XP level 1. HP: 18/18 MP: 1/1
    36 | D:1      | XOM: potion effect (brilliance)
    60 | D:1      | Reached XP level 2. HP: 22/24 MP: 2/2
   106 | D:1      | XOM: mild Ice miscast
   166 | D:1      | XOM: polymorph kobold -> river rat
   167 | D:1      | XOM: butterfly on damage
   180 | D:1      | Reached skill level 3 in Unarmed Combat
   262 | D:1      | XOM: harmless Summ miscast
   407 | D:1      | XOM: harmless Tmut miscast
   481 | D:1      | XOM: swap monsters
   513 | D:1      | Reached XP level 3. HP: 8/29 MP: 3/3
  1022 | D:1      | XOM: scenery: 1 doors close
  1033 | D:2      | Reached skill level 1 in Shields
  1137 | D:2      | XOM is BORED!
  1137 | D:2      | XOM: mild Fire miscast
  1228 | D:2      | XOM: cloud trail
  1401 | D:2      | Reached XP level 4. HP: 22/35 MP: 4/4
  1444 | D:2      | XOM: divination: magic mapping
  1725 | D:2      | Found a sacrificial altar of Ru.
  1749 | D:2      | Reached skill level 4 in Unarmed Combat
  1776 | D:2      | XOM: cloud trail
  1895 | D:2      | XOM: harmless Tmut miscast
  1989 | D:2      | XOM: god gift: great sword {god gift}
  2393 | D:3      | Reached XP level 5. HP: 34/41 MP: 5/5
  2538 | D:3      | Noticed Grinder
  2538 | D:3      | XOM: butterfly on damage
  2541 | D:3      | Noticed Natasha
  2691 | D:4      | Found a large runed translucent door.
  2691 | D:4      | Found a large runed translucent door.
  2781 | D:4      | XOM: god gift: lightning rod (4/4)
  2786 | D:4      | Noticed a troll
  2801 | D:4      | XOM: mild Necr miscast
  2874 | D:4      | XOM: divine lightning
  2916 | D:4      | Found a large runed translucent door.
  2916 | D:4      | Found a large runed translucent door.
  3052 | D:4      | Noticed a black bear
  3055 | D:4      | XOM: cleaving
  3060 | D:4      | Killed a black bear
  3060 | D:4      | Reached XP level 6. HP: 33/47 MP: 3/6
  3311 | D:4      | Reached skill level 5 in Unarmed Combat
  3440 | D:3      | XOM: 4-stop teleportation journey
  3557 | D:3      | You fall through a shaft for 3 floors!
  3563 | D:7      | Noticed Joseph
  3713 | D:8      | Noticed a sky beast
  3713 | D:8      | XOM: summons 4 friendly demons
  3733 | D:8      | XOM: silly message
  3735 | D:8      | Killed a sky beast
  3878 | D:8      | Noticed a hippogriff
  3879 | D:8      | Noticed a yak
  3918 | D:7      | Noticed a sky beast
  4006 | D:5      | Entered Level 5 of the Dungeon
  4006 | D:5      | Found an iron altar of Okawaru.
  4271 | D:6      | Reached XP level 7. HP: 52/52 MP: 7/7
  4278 | D:6      | XOM: noise
  4284 | D:6      | XOM: cast spell 'Olgreb's Toxic Radiance'
  4453 | D:6      | XOM: harmless Hex miscast
  4474 | D:6      | XOM: blink monster(s)
  4513 | D:6      | XOM: enchant monster (good)
  4697 | D:6      | Reached skill level 6 in Unarmed Combat
  4952 | D:6      | Noticed a hornet
  4956 | D:6      | Killed a hornet
  4957 | D:6      | Noticed a manticore
  5189 | D:5      | XOM: harmless Necr miscast
  5504 | D:6      | XOM: harmless Tmut miscast
  5516 | D:6      | Reached XP level 8. HP: 43/58 MP: 5/8
  5651 | D:5      | XOM: divination: detect items
  5705 | D:5      | Found a staircase to the Ecumenical Temple.
  5725 | D:5      | XOM: potion effect (brilliance)
  5795 | D:5      | XOM: cast spell 'Cause Fear'
  5995 | D:5      | XOM: summons 2 friendly demons
  6205 | D:5      | Reached skill level 7 in Unarmed Combat
  6351 | D:5      | Reached skill level 5 in Shields
  7058 | D:4      | Found a runed translucent gate.
  7058 | D:4      | Found a runed translucent gate.
  7058 | D:4      | Found a runed translucent gate.
  7059 | D:4      | Noticed axlevencent's ghost (amateur FoAK)
  7107 | D:4      | XOM is BORED!
  7107 | D:4      | XOM: stat loss: -3 Str (13/16)
  7160 | D:4      | Noticed Ijyb
  7185 | D:4      | XOM: stat loss: -1 Str (12/16)
  7197 | D:4      | Killed Ijyb
  7764 | D:3      | Found a runed translucent door.
  7765 | D:3      | Noticed Crazy Yiuf
  7807 | D:3      | Paralysed by Grinder for 6 turns
  7811 | D:3      | XOM: butterfly on damage
  7813 | D:3      | XOM: repel stairs
  7814 | D:3      | XOM: mild Conj miscast
  7816 | D:3      | XOM: medium Ice miscast
  7831 | D:3      | XOM: swap monsters
  7834 | D:3      | XOM: enchant monster (bad)
  7991 | D:3      | XOM: enchant monster (bad)
  8008 | D:3      | Killed Natasha
  8281 | D:3      | Noticed Natasha
  8303 | D:3      | Killed Natasha
  8308 | D:3      | XOM: harmless Fire miscast
  8376 | D:3      | Paralysed by Grinder for 4 turns
  8770 | D:3      | Noticed Natasha
  8780 | D:3      | Killed Natasha
  8939 | D:6      | Noticed Edmund
  8969 | D:6      | XOM: confuse monster(s)
  8987 | D:6      | XOM: summons 4 hostile demons
  8988 | D:6      | XOM: chaos cloud
  9227 | D:6      | XOM: medium Chrm miscast
  9366 | D:6      | Slain by a manticore

Skill      XL: |  1  2  3  4  5  6  7  8 |
---------------+-------------------------+-----
Unarmed Combat | 3 4 5 6 7 |  7.7
Shields        | 1 2 3 4 5 |  5.6
Fighting       | |  3.0
Armour         | |  1.5
Dodging        | |  0.7

Action                   |  1- 3 |  4- 6 |  7- 9 || total
-------------------------+-------+-------+-------++-------
Melee: Unarmed           |   171 |   241 |   465 ||   877
       Punch             |     1 |       |       ||     1
Throw: Tomahawk          |       |     1 |       ||     1
       Throwing net      |       |       |     1 ||     1
Evoke: Lightning rod     |       |       |     6 ||     6
  Use: Scroll            |       |     4 |     2 ||     6
 Stab: Invisible         |       |     1 |       ||     1
       Paralysed         |       |     1 |       ||     1
       Confused          |       |       |     2 ||     2
Armor: Leather armour    |    53 |    44 |   105 ||   202
Dodge: Dodged            |    69 |    54 |   115 ||   238
Block: Large shield      |    38 |   141 |   335 ||   514
